[Event "Metz op 31th"]
[Site "Metz"]
[Date "2013.07.25"]
[Round "8"]
[White "Vishnu, Prasanna V"]
[Black "Lagarde, Maxime"]
[Result "1/2-1/2"]
[ECO "B60"]
[WhiteElo "2470"]
[BlackElo "2532"]
[Annotator "Metz Alekhine/Primel,D"]
[PlyCount "65"]
[EventDate "2013.04.20"]
[EventType "swiss"]
[EventRounds "9"]
[EventCountry "FRA"]
[SourceTitle "EXT 2016"]
[Source "ChessBase"]
[SourceDate "2015.10.08"]
[SourceVersion "1"]
[SourceVersionDate "2015.10.08"]
[SourceQuality "1"]
[TimeControl "40/5400:1800+30"]
[WhiteClock "1:30:00"]
[BlackClock "1:30:00"]

1. e4 c5 2. Nf3 d6 3. d4 cxd4 4. Nxd4 Nf6 5. Nc3 Nc6 6. Bg5 e6 7. Qd2 {90} Qb6
{91} 8. Nb3 Be7 9. Bd3 (9. O-O-O {La grande ligne} O-O 10. f3 a6 11. g4 Rd8 12.
h4 {Jobava,B (2658)-Magalashvili,D (2462) Baku President's Cup 3rd 2008 (5) 1-0
}) 9... a6 10. O-O {89} O-O 11. Rae1 $1 {[%cal Ge1e3,Ge3h3,Ge3g3] Un plan
agressif d'attaque à l'aile-roi} Qc7 12. Re3 b5 13. Rg3 b4 $146 (13... Ne5 14.
f4 Nxd3 15. cxd3 Nh5 16. Rh3 Nf6 17. Qe2 e5 18. Rg3 Kh8 19. fxe5 dxe5 20. Rxf6
Bxf6 21. Nd5 Qd8 22. Bxf6 gxf6 23. Qh5 Rg8 24. Qxf7 Qf8 25. Rxg8+ Qxg8 26.
Qxf6+ Qg7 27. Qd8+ Qg8 28. Qe7 Bg4 29. Nf6 Qg6 30. Qxe5 Bd1 31. Nh5+ {1-0 (31)
Hou,Y (2617)-Yu,Y (2675) Xinghua 2013}) 14. Nd1 {81} d5 {Après une longue
réflexion de 30 mns, le français décide de réagir au centre} (14... a5 ) 15. Bh6 g6 16. Bxf8 Bxf8 $44 17. exd5 exd5 18. Qg5 Bg7 19. Re1 (19. Ne3 Be6 (19... a5 20.
Nf5) 20. Nf5 $36) 19... a5 20. Rf3 h6 $1 {
26  Force l'échange des Q qui va simplifier la défense des Noirs} 21. Qf4
Qxf4 22. Rxf4 g5 23. Rxf6 $5 Bxf6 24. Re8+ Kg7 25. Ne3 $44 (25. Nc5 $5 Bb7 26. Re1 ) 25... Ne7 (25... Ne5 26. Nf5+) 26. Nf5+
Nxf5 27. Bxf5 Bb7 28. Rxa8 Bxa8 29. Nxa5 Bxb2 30. Bd7 Kf6 31. Kf1 Bd4 32. Ke2
Bb6 33. Bc6 1/2-1/2